 Dungeon Crawl Stone Soup version 0.20.1-1-g8b1a95d (webtiles) character file.

998 Irenicus the Chopper (level 8, 6/62 HPs)
             Began as a Deep Dwarf Necromancer on Nov 1, 2017.
             Was an Initiate of Makhleb.
             Got out of the dungeon alive.
             The game lasted 00:12:08 (2476 turns).

Irenicus the Chopper (Deep Dwarf Necromancer)       Turns: 2476, Time: 00:12:09

Health: 6/62       AC:  8    Str: 12    XL:     8   Next: 0%
Magic:  10/10      EV: 12    Int: 16    God:    Makhleb [......]
Gold:   206        SH:  0    Dex: 18    Spells: 7/11 levels left

rFire    . . .     SeeInvis .   A - +1 war axe
rCold    . . .     Gourm    .   (no shield)
rNeg     . . .     Faith    .   l - +0 leather armour
rPois    .         Spirit   .   (no helmet)
rElec    .         Reflect  .   B - +0 cloak
rCorr    .         Harm     .   y - +0 pair of gloves
MR       +....                  (no boots)
Stlth    ++........             (no amulet)
Regen    0.0/turn               r - +3 ring of dexterity
MPRegen  0.2/turn               x - +3 ring of protection

@: non-regenerating
A: damage resistance, heal wounds, sense surroundings 1, no regeneration
a: Heal Wounds, Renounce Religion


You escaped.
You worshipped Makhleb.
Makhleb was noncommittal.
You were not hungry.

You visited 1 branch of the dungeon, and saw 4 of its levels.

You collected 206 gold pieces.

Inventory:

Hand Weapons
 d - a -3 hand axe
 A - a +1 war axe (weapon)
Armour
 a - a +0 robe
 l - a +0 leather armour (worn)
 y - a +0 pair of gloves (worn)
 B - a +0 cloak (worn)
Jewellery
 k - an uncursed ring of see invisible
 r - a +3 ring of dexterity (left hand)
 x - a +3 ring of protection (right hand)
Wands
 D - a wand of disintegration (22/24)
Scrolls
 e - 4 scrolls of fear
 n - a scroll of teleportation
 p - a scroll of enchant weapon
 t - a scroll of fog {unknown}
 u - a scroll of immolation
Potions
 f - a potion of lignification
 h - a potion of agility
 i - a potion of brilliance
 j - a potion of might
 m - a potion of curing
 w - a potion of berserk rage
Books
 b - a book of Necromancy

   Spells                             Type                      Level
   a - Pain                           Necromancy                   1
   b - Animate Skeleton               Necromancy                   1
   c - Vampiric Draining              Necromancy                   3
   d - Regeneration                   Charms/Necromancy            3
   e - Animate Dead                   Necromancy                   4
   f - Control Undead                 Necromancy                   4
Comestibles
 c - 5 bread rations
 o - 4 royal jellies
 v - 2 meat rations


   Skills:
 + Level 7.9 Axes
 - Level 2.1 Dodging
 - Level 2.4 Stealth
 - Level 2.0 Spellcasting
 - Level 7.4 Necromancy


You had 7 spell levels left.
You knew the following spells:

 Your Spells              Type           Power        Failure   Level  Hunger
a - Pain                  Necr           ####         1%          1    #......
b - Vampiric Draining     Necr           ####......   3%          3    ###....


Dungeon Overview and Level Annotations

Branches:
Dungeon (4/15)
 Temple: D:4-7

Altars:
Makhleb
Nemelex Xobeh
Trog
Uskayaw
Vehumet
Zin

Annotations:
D:4 bmj180's ghost, amateur HOFi


Innate Abilities, Weirdness & Mutations

You are resistant to damage.
You can heal yourself by infusing magical energy.
You passively map a small area around you.
You do not regenerate.


Message History

There is a stone staircase leading down here.
The bat closely misses you. The bat hits you but does no damage.
The bat barely misses you.
You slash the bat!
You kill the bat!
Makhleb accepts your kill.
You see here a bat corpse.
(D) Dungeon
Where to? (Enter - D:1, ? - help)
You see here a robe.
There is a stone staircase leading up here.
You climb upwards.
There is a stone staircase leading down here.
There is an open door here.
There is a staircase leading out of the dungeon here.
Are you sure you want to leave the Dungeon?
This will make you lose the game!
Alright, then stay!
Are you sure you want to leave the Dungeon?
This will make you lose the game!
You have escaped!

#.'#≈≈≈##........# #........
#.#.....#......### ##.......
#.≈.....≈......#####........
#.≈s.⌠..≈......#...#........
#.#.....#.§§...###..........
####≈≈≈###§≈§####.....(.....
#......#.§§§[#...##........
#......≈..⌠..≈..###.......)
#......≈..@..≈.............
###......#.....#.##.#########
#........##§≈≈#'....#
#.†.######..........#
#...###.....#......##########
#.####...............##......
#............................
#####........................
#..............>###......


There were no monsters in sight!

Vanquished Creatures
  Pikel (D:4)
  Sigmund (D:2)
  A slave (D:4)
  An ogre (D:4)
  A scorpion (D:4)
  Crazy Yiuf (D:3)
  A centaur skeleton (D:4)
  Jessica (D:2)
  A worker ant (D:4)
  3 adders
  3 gnolls (D:4)
  An ooze (D:2)
  An adder skeleton (D:4)
  2 worms
  A dart slug (D:1)
  4 leopard geckos
  An orc (D:3)
  6 bats
  7 giant cockroaches
  8 goblins
  10 hobgoblins
  3 jackals (D:1)
  6 kobolds
  2 quokkas (D:2)
  A ball python (D:1)
  2 frilled lizards (D:2)
  3 rats
73 creatures vanquished.

Vanquished Creatures (others)
  An ogre (D:4)
  A frilled lizard (D:4)
2 creatures vanquished.

Grand Total: 75 creatures vanquished

Notes
Turn   | Place    | Note
-------+----------+-------------------------------------------
     0 | D:1      | Irenicus the Deep Dwarf Necromancer began the quest for the Orb.
     0 | D:1      | Reached XP level 1. HP: 15/15 MP: 3/3
   108 | D:1      | Reached XP level 2. HP: 20/22 MP: 0/5
   199 | D:1      | Reached skill level 5 in Necromancy
   333 | D:1      | Reached skill level 1 in Axes
   442 | D:1      | Reached XP level 3. HP: 13/28 MP: 1/6
   727 | D:2      | Learned a level 3 spell: Vampiric Draining
   791 | D:2      | Noticed Jessica
   810 | D:2      | Killed Jessica
   810 | D:2      | Reached XP level 4. HP: 8/36 MP: 0/7
   856 | D:2      | Found a bloodstained altar of Trog.
  1065 | D:2      | Found a glowing silver altar of Zin.
  1065 | D:2      | Found a sparkling altar of Nemelex Xobeh.
  1066 | D:2      | Found a radiant altar of Vehumet.
  1083 | D:2      | Noticed Sigmund
  1113 | D:2      | Killed Sigmund
  1113 | D:2      | Reached XP level 5. HP: 30/42 MP: 0/8
  1434 | D:3      | Found a hide-covered altar of Uskayaw.
  1736 | D:3      | Found a runed door.
  1741 | D:3      | Noticed Crazy Yiuf
  1756 | D:3      | Killed Crazy Yiuf
  1756 | D:3      | Reached XP level 6. HP: 20/49 MP: 0/9
  2036 | D:4      | Found a burning altar of Makhleb.
  2040 | D:4      | Became a worshipper of Makhleb the Destroyer
  2084 | D:4      | HP: 2/49 [ogre/giant club (22)]
  2190 | D:4      | Noticed a slave
  2194 | D:4      | Noticed Pikel
  2199 | D:4      | Killed a slave
  2202 | D:4      | Noticed a slave
  2204 | D:4      | Noticed a slave
  2209 | D:4      | Noticed a slave
  2217 | D:4      | Killed Pikel
  2217 | D:4      | Reached XP level 7. HP: 9/55 MP: 0/9
  2261 | D:4      | HP: 2/55 [scorpion (7)]
  2358 | D:4      | Noticed bmj180's ghost (amateur HOFi)
  2411 | D:3      | Reached XP level 8. HP: 6/62 MP: 10/10
  2476 | D:$      | Got out of the dungeon alive.

Skill      XL: |  1  2  3  4  5  6 |
---------------+-------------------+-----
Spellcasting   | 2 |  2.0
Necromancy     | 5 7 |  7.4
Axes           | 1 2 7 |  7.9
Dodging        | |  2.1
Stealth        | |  2.4

Action                   |  1- 3 |  4- 6 |  7- 9 || total
-------------------------+-------+-------+-------++-------
Melee: Hand axe          |    61 |   122 |       ||   183
       War axe           |       |    42 |     5 ||    47
 Cast: Pain              |    43 |    10 |     1 ||    54
       Vampiric Draining |     2 |    28 |     1 ||    31
 Abil: Heal Wounds       |       |     1 |       ||     1
Evoke: Wand              |       |       |     1 ||     1
  Use: Potion            |       |     4 |       ||     4
       Scroll            |       |    11 |       ||    11
 Stab: Sleeping          |     1 |     4 |       ||     5
  Eat: Chunk             |     1 |     8 |     1 ||    10
Armor: Robe              |    11 |       |       ||    11
       Leather armour    |     6 |    45 |     2 ||    53
Dodge: Dodged            |    59 |   132 |     5 ||   196
